 Dungeon Crawl Stone Soup version 0.29.1-13-g9f3cf754e1 (webtiles) character file.

Game seed: 822103693241593458

373 venomsnake the Conjurer (level 6, -2/32 HPs)
             Began as a Deep Elf Conjurer on Jan 28, 2023.
             Slain by a gnoll bouda
             ... wielding a +0 whip
              (10 damage)
             ... on level 3 of the Dungeon.
             The game lasted 00:07:11 (3897 turns).

venomsnake the Conjurer (Deep Elf Conjurer)         Turns: 3897, Time: 00:07:11

Health: -2/32      AC:  2    Str:  4    XL:     6   Next: 43%
Magic:  8/16       EV: 12    Int: 25    God:
Gold:   226        SH:  0    Dex: 13    Spells: 13/16 levels left

rFire   . . .      SeeInvis .   i - +0 whip
rCold   . . .      Faith    .   (no shield)
rNeg    . . .      Spirit   .   a - +0 robe
rPois   .          Reflect  .   (no helmet)
rElec   .          Harm     .   (no cloak)
rCorr   .          Rampage  .   (no gloves)
Will    .....                   (no boots)
Stlth   ++........              (no amulet)
HPRegen 0.10/turn               (no ring)
MPRegen 0.15/turn               (no ring)

@: no status effects
A: no striking features
a: no special abilities


You were on level 3 of the Dungeon.
You visited 1 branch of the dungeon, and saw 3 of its levels.

You collected 226 gold pieces.

Inventory:

Hand Weapons
 i - a +0 whip (weapon)
Armour
 a - a +0 robe (worn)
Jewellery
 k - a +6 ring of strength
Scrolls
 c - 2 scrolls of identify {unknown}
 d - 2 scrolls of teleportation {unknown}
 e - a scroll of torment {unknown}
 h - 2 scrolls of fear {unknown}
 l - 2 scrolls of enchant armour {unknown}
 m - a scroll of silence {unknown}
Potions
 b - a potion of magic
 f - a potion of invisibility {unknown}
 g - a potion of mutation {unknown}
 j - a potion of curing {unknown}
 n - 2 potions of lignification {unknown}
 o - a potion of heal wounds {unknown}


   Skills:
 - Level 2.4 Dodging
 - Level 2.4 Stealth
 + Level 5.8 Spellcasting
 + Level 6.1 Conjurations
 + Level 3.9 Translocations


You had 13 spell levels left.
You knew the following spells:

 Your Spells              Type           Power      Damage    Failure   Level
a - Magic Dart            Conj           100%       1d8       1%          1
b - Searing Ray           Conj           74%        2d7       1%          2

Your spell library contained the following spells:

 Spells                   Type           Power      Damage    Failure   Level
 Dazzling Flash           Conj/Hex       44%        N/A       6%          3
 Freeze                   Ice            28%        1d5       8%          1
 Iskenderun's Mystic Bla  Conj/Tloc      32%        2d8       10%         4
 Frozen Ramparts          Ice            14%        1d3       22%         3
 Fulminant Prism          Conj/Hex       11%        3d9       22%         4
 Hailstorm                Conj/Ice       22%        3d7       22%         4


Dungeon Overview and Level Annotations

Branches:
Dungeon (3/15)

Altars:
Wu Jian


Message History

The gnoll bouda is lightly wounded.
Casting: Magic Dart (safe; 1% risk of failure)
Confirm with . or Enter, or press ? or * to list all spells.
Aiming: Magic Dart (safe; 1% risk of failure)
Press: ? - help, Shift-Dir - straight line, f/p - gnoll bouda
Aim: a gnoll bouda, wielding a +0 whip and wearing a +0 leather armour (lightly wounded, 100% to hit)
The magic dart hits the gnoll bouda.
The gnoll bouda is lightly wounded.
Casting: Magic Dart (safe; 1% risk of failure)
Confirm with . or Enter, or press ? or * to list all spells.
Aiming: Magic Dart (safe; 1% risk of failure)
Press: ? - help, Shift-Dir - straight line, f/p - gnoll bouda
Aim: a gnoll bouda, wielding a +0 whip and wearing a +0 leather armour (lightly wounded, 100% to hit)
The magic dart hits the gnoll bouda.
The gnoll bouda is lightly wounded.
The gnoll bouda barely misses you.
Casting: Magic Dart (safe; 1% risk of failure)
Confirm with . or Enter, or press ? or * to list all spells.
Aiming: Magic Dart (safe; 1% risk of failure)
Press: ? - help, Shift-Dir - straight line, f/p - gnoll bouda
Aim: a gnoll bouda, wielding a +0 whip and wearing a +0 leather armour (lightly wounded, 100% to hit)
The magic dart hits the gnoll bouda but does no damage.
The gnoll bouda is lightly wounded.
The gnoll bouda hits you with a +0 whip.
Casting: Magic Dart (safe; 1% risk of failure)
Confirm with . or Enter, or press ? or * to list all spells.
Aiming: Magic Dart (safe; 1% risk of failure)
Press: ? - help, Shift-Dir - straight line, p - gnoll bouda The gnoll bouda hits you with a +0 whip!
* * * LOW HITPOINT WARNING * * *
Unknown command.
Casting: Magic Dart (safe; 1% risk of failure)
Confirm with . or Enter, or press ? or * to list all spells.
Aiming: Magic Dart (safe; 1% risk of failure)
Press: ? - help, Shift-Dir - straight line, f - gnoll bouda
Aim: a gnoll bouda, wielding a +0 whip and wearing a +0 leather armour (lightly wounded, 100% to hit)
The magic dart hits the gnoll bouda.
The gnoll bouda is heavily wounded.
The gnoll bouda hits you with a +0 whip!
You die...

.......####...#.##..........#####
....##.# ##...............######
....##.#####..##.#.#.......###.#.
...............#...#.......##.#.#
...........................##....
................####.......##.#..
...................#.......####.#
................##.######### ##†#
................@g......### #.†.
...♣♣♣♣.._..♣♣♣♣..PPPP....## ###.
...............(........#.)# ###
..[..........###.#########.####..
......#..[..## #.## #.).#...
.#...######## #..# ###g....
......####### ##.# #.....
....#.......#####.##########..)>.
.......####..................).).


You could see a gnoll bouda.

Vanquished Creatures
  A necrophage (D:3)
  2 hounds (D:3)
  An orc priest (D:3)
  Terence (D:2)
  5 gnolls (D:3)
  5 adders
  A worm (D:2)
  3 dart slugs (D:1)
  3 orcs (D:3)
  11 ball pythons
  12 bats
  4 endoplasms
  2 giant cockroaches
  5 goblins
  8 hobgoblins
  18 jackals
  3 quokkas
  3 frilled lizards
  6 kobolds
  5 rats
99 creatures vanquished.

Vanquished Creatures (others)
  3 fungi (D:3)
  A plant (D:3)
4 creatures vanquished.

Grand Total: 103 creatures vanquished

Notes
Turn   | Place    | Note
-------+----------+-------------------------------------------
     0 | D:1      | venomsnake the Deep Elf Conjurer began the quest for the
                  | Orb.
     0 | D:1      | Reached XP level 1. HP: 10/10 MP: 6/6
   222 | D:1      | Reached XP level 2. HP: 15/15 MP: 1/8
   296 | D:1      | Reached skill level 1 in Translocations
   926 | D:1      | Found a faded altar of an unknown god.
   936 | D:1      | Reached XP level 3. HP: 19/19 MP: 6/10
  1723 | D:2      | Reached skill level 5 in Conjurations
  1854 | D:2      | Reached XP level 4. HP: 24/24 MP: 8/12
  2142 | D:2      | Noticed Terence
  2146 | D:2      | Killed Terence
  2155 | D:2      | Learned a level 2 spell: Searing Ray
  2454 | D:3      | Noticed a necrophage
  2459 | D:3      | Killed a necrophage
  2460 | D:3      | Reached XP level 5. HP: 28/28 MP: 5/14
  2557 | D:3      | Reached skill level 5 in Spellcasting
  2748 | D:3      | Found an ornate altar of the Wu Jian Council.
  3349 | D:3      | Reached XP level 6. HP: 32/32 MP: 0/16
  3723 | D:3      | Reached skill level 6 in Conjurations
  3897 | D:3      | Slain by a gnoll bouda

Illustrated notes

Levels and vault maps discovered:
D:1:      dpeg_arrival_simpleton_b, layout_loops_ring, basic_ecumenical_altar
D:2:      kennysheep_six_static_rooms, layout_rooms, uniq_terence
D:3:      lemuel_castle_with_subvaults [lemuel_castle_interior_carwin_2],
          layout_rooms, mainiacjoe_overflow_boulevard, minmay_shallow_snake_nest

Skill      XL: |  1  2  3  4  5  6 |
---------------+-------------------+-----
Translocations | 1 2 3 |  3.9
Spellcasting   | 4 5 |  5.8
Conjurations   | 5 6 |  6.1
Dodging        | |  2.4
Stealth        | |  2.4

Action                   |  1- 3 |  4- 6 || total
-------------------------+-------+-------++-------
 Cast: Magic Dart        |    93 |   132 ||   225
       Searing Ray       |       |    11 ||    11
Armor: Robe              |     2 |     1 ||     3
Dodge: Dodged            |    13 |     7 ||    20
